 Dungeon Crawl Stone Soup version 0.15.2 (webtiles) character file.

26 Heini the Covered (level 2, 0/27 HPs)
             Began as a Minotaur Fighter on Feb 5, 2015.
             Slain by a gnoll
             ... wielding a +0 spear
              (3 damage)
             ... on Level 2 of the Dungeon.
             The game lasted 00:01:25 (797 turns).

Heini the Covered (Minotaur Fighter)                 Turns: 797, Time: 00:01:25

HP   0/27        AC  7     Str 20      XL: 2   Next: 89%
MP   1/1         EV  6     Int  5      God:
Gold 31          SH  9     Dex  9      Spells:  0 memorised,  1 level left

rFire  . . .     SeeInvis .     a - +0 flail
rCold  . . .     Clarity  .     b - +0 scale mail
rNeg   . . .     rCorr    .     c - +0 shield
rPois  .         rRot     .     (helmet restricted)
rElec  .         Spirit   .     (no cloak)
SustAb .         Warding  .     (no gloves)
rMut   .         Stasis   .     (no boots)
Gourm  .                        (no amulet)
MR     .....                    (no ring)
                                (no ring)

@: not resistant to hostile enchantments, extremely unstealthy
A: retaliatory headbutt, horns 2
a: no special abilities


You were on level 2 of the Dungeon.
You were not hungry.

You visited 1 branch of the dungeon, and saw 2 of its levels.

You collected 31 gold pieces.

Inventory:

Hand weapons
 a - a +0 flail (weapon)
Armour
 b - a +0 scale mail (worn)
 c - a +0 shield (worn)
Comestibles
 d - 2 bread rations
Scrolls
 m - a scroll of enchant weapon {unknown}
 n - a scroll of identify {unknown}
 o - a scroll of enchant armour {unknown}
Jewellery
 p - an uncursed amulet of clarity {unknown}
 s - an uncursed amulet of guardian spirit {unknown}
Potions
 e - a potion of might
 f - a potion of restore abilities {unknown}
 g - a potion of flight {unknown}
 h - 3 potions of curing {unknown}
 i - a potion of lignification {unknown}
 j - a potion of agility {unknown}
 k - 2 potions of resistance {unknown}
 l - a potion of invisibility {unknown}
 q - a potion of poison {unknown}
 r - a potion of magic {unknown}


   Skills:
 * Level 4.1 Fighting
 * Level 2.9 Maces & Flails
 * Level 4.2 Armour
 - Level 3.6 Shields


You had one spell level left.
You didn't know any spells.

Dungeon Overview and Level Annotations

Branches:
Dungeon (2/15)

Altars:
Fedhas


Innate Abilities, Weirdness & Mutations

You reflexively headbutt those who attack you in melee.
You have a pair of horns on your head.


Message History

The gnoll hits you but does no damage. The worm bites you.
You hit the worm.
The worm is heavily wounded.
The gnoll hits you from afar with a spear.
The worm bites you!
* * * LOW HITPOINT WARNING * * *
You are too injured to fight recklessly!
You block the giant cockroach's attack.
The gnoll hits you from afar with a spear.
* * * LOW HITPOINT WARNING * * *
The giant cockroach barely misses you. You furiously retaliate!
You headbutt the giant cockroach.
There is an open door here.
The giant cockroach bites you but does no damage.
The giant cockroach barely misses you.
There is a stone staircase leading down here.
You can't go up here!
The giant cockroach bites you but does no damage.
The gnoll hits you from afar with a spear.
You die...

. #### ##.#.......##.#.#..#. %
######..............#..#. .
#.).............#.#.#..#. ♣
##.#.....#......#.#.#..#. ♣♣
#.#.....#......#.#.#..#.
.♣♣♣♣♣####.#....%#......#<#.#..#.
....g...##.#.....#......#.#.#..#.
...g....##..............#.#.#..#.
.....g..##..g.gs@##.....###.#....
........w'.g...#.#..........#..#.
...#######...#.#.#...#.#.####.##.
...# #...#.#.#####.#.........
...# #...#.#.......#.#.##.###
#### #...#.#.^.§.≈^.^#.##.#
#...#..^§#≈.≈#^≈(.##.#
#.....^^#≈^.^##≈^.##.# #####..^§
..^ ##..#..#


You could see a worm, 3 gnolls and a giant cockroach.

Vanquished Creatures
  A worm (D:2)
  2 bats (D:1)
  A giant cockroach (D:1)
  A goblin (D:2)
  3 hobgoblins (D:1)
  2 kobolds (D:1)
  A ball python (D:2)
  2 giant newts (D:1)
  2 jackals (D:2)
  5 rats
20 creatures vanquished.

Notes
Turn   | Place    | Note
--------------------------------------------------------------
     0 | D:1      | Heini, the Minotaur Fighter, began the quest for the Orb.
     0 | D:1      | Reached XP level 1. HP: 19/19 MP: 1/1
   157 | D:1      | Reached skill level 4 in Fighting
   157 | D:1      | Reached XP level 2. HP: 25/27 MP: 1/1
   775 | D:2      | Found a blossoming altar of Fedhas.
   797 | D:2      | Slain by a gnoll

Action                   || total
-------------------------++-------
Melee: Flail             ||    50
